MINNESOTA vs NASHVILLE

Created - Thursday, October 19, 2017 at 12:16

Goals
1 2 3 T
MINNESOTA 2 1 0 3
NASHVILLE 1 0 0 1
Shots
1 2 3 T
MINNESOTA 18 16 12 46
NASHVILLE 9 9 5 23

1st period

1. MINNESOTA , Nikita Kucherov 2 (Erik Karlsson, Oliver Ekman-Larsson) at 6:08
2. NASHVILLE , Danny DeKeyser 1 (Jimmy Vesey, Lars Eller) at 10:13 (SH)
3. MINNESOTA , Phil Kessel 1 (Erik Karlsson) at 19:44

Penalties :
Richard Panik (NSH) for Roughing (Minor) at 0:41, Richard Panik (NSH) for High sticking (Minor) at 8:21, Richard Panik (NSH) for Hooking (Minor) at 11:07, Braydon Coburn (NSH) for Holding (Minor) at 13:08, Michal Rozsival (MIN) for Interference (Minor) at 15:16, Richard Panik (NSH) for High sticking (Minor) at 15:20

2nd period

4. MINNESOTA , Jakub Voracek 1 (Kevin Connauton, Teuvo Teravainen) at 1:49

Penalties :
Rasmus Ristolainen (NSH) for Hooking (Minor) at 3:30, Richard Panik (NSH) for High sticking (Minor) at 10:13, Niklas Hjalmarsson (MIN) for Charging (Minor) at 17:46

3rd period

No Goal

Penalties :
Kevin Bieksa (NSH) for Roughing (Minor) at 6:12, Kevin Bieksa (NSH) for Hooking (Minor) at 14:55, Wayne Simmonds (MIN) for Roughing (Minor) at 17:19, Kevin Connauton (MIN) for Hooking (Minor) at 19:46

Goalie Stats

Andrei Vasilevskiy (MIN), 22 saves from 23 shots - (0.957), W, 3-0-0, 60:00 minutes
Mike Smith (NSH), 43 saves from 46 shots - (0.935), L, 0-2-0, 60:00 minutes

Players Stats for MINNESOTA

Player Name              G  A  P  +/- PIM S  H  SB GA TA FO     MP     PP MP  PK MP  
------------------------------------------------------------------------------------
Anze Kopitar             0  0  0   1  0   3  2  1  0  0  21/43  25:51   8:30   3:12 
Artemi Panarin           0  0  0   0  0   6  0  0  0  0  0/0    18:37   7:26   0:00 
Erik Karlsson            0  2  2   1  0   7  0  1  0  0  0/0    26:02   8:04   2:35 
Francois Beauchemin      0  0  0   0  0   1  2  0  0  0  0/0    22:30   7:52   1:40 
Jakub Voracek            1  0  1   1  0   6  1  0  0  0  0/0     8:48   0:00   0:19 
Jeff Carter              0  0  0   0  0   2  0  0  0  0  12/28  20:17   7:26   0:44 
Joel Ward                0  0  0   1  0   1  1  0  0  0  0/0     8:48   0:00   0:19 
Johan Larsson            0  0  0   0  0   0  0  0  0  0  0/0     5:04   0:00   0:00 
Kevin Connauton          0  1  1   1  2   2  1  1  0  0  0/0    12:05   0:00   0:38 
Mason Raymond            0  0  0   0  0   0  0  0  0  0  1/1     5:04   0:00   0:00 
Michal Rozsival          0  0  0   1  2   0  2  0  0  0  0/0    11:33   0:00   0:06 
Nikita Kucherov          1  0  1   1  0   3  2  1  0  0  1/3    25:51   8:30   3:12 
Niklas Hjalmarsson       0  0  0   0  2   2  4  1  0  0  0/0    21:45   7:52   0:56 
Oliver Ekman-Larsson     0  1  1   1  0   1  0  2  0  0  0/0    26:02   8:04   2:35 
Phil Kessel              1  0  1   1  0   5  2  0  0  0  0/3    23:20   8:30   0:44 
Steve Ott                0  0  0   0  0   0  2  0  0  0  1/4     5:04   0:00   0:00 
Teuvo Teravainen         0  1  1   1  0   1  0  1  0  0  8/14    8:29   0:00   0:00 
Wayne Simmonds           0  0  0   0  2   6  5  0  0  0  0/1    18:36   7:26   0:00 

Players Stats for NASHVILLE

Player Name              G  A  P  +/- PIM S  H  SB GA TA FO     MP     PP MP  PK MP  
------------------------------------------------------------------------------------
Braydon Coburn           0  0  0   0  2   0  2  2  0  0  0/0    13:09   0:00   2:11 
Brenden Dillon           0  0  0  -1  0   1  0  0  0  0  0/0     3:27   0:00   0:52 
Clarke MacArthur         0  0  0   0  0   0  1  0  0  0  0/0     4:16   0:00   2:46 
Danny DeKeyser           1  0  1   0  0   2  0  0  0  0  0/0    22:03   1:57   8:20 
Dwight King              0  0  0  -1  0   0  2  0  0  0  0/0    15:29   1:59   0:00 
Hunter Shinkaruk         0  0  0  -1  0   0  0  0  0  0  0/0     8:52   0:00   0:21 
Jimmy Vesey              0  1  1   0  0   2  0  0  0  0  1/1    20:59   1:59   5:28 
Kevin Bieksa             0  0  0   0  4   2  4  2  0  0  0/0    19:52   1:57   6:11 
Lars Eller               0  1  1   1  0   2  1  0  0  0  5/10   14:49   2:16   5:28 
Morgan Rielly            0  0  0  -1  0   3  0  2  0  0  0/0    24:23   2:18   7:36 
Nick Bonino              0  0  0  -1  0   3  0  0  0  0  21/39  28:13   2:16   8:55 
Niklas Kronwall          0  0  0   0  0   1  1  1  0  0  0/0    10:59   0:00   0:00 
Oscar Lindberg           0  0  0  -1  0   2  1  0  0  0  8/13   14:28   0:00   4:28 
Peter Holland            0  0  0  -1  0   0  0  0  0  0  5/9     8:28   0:00   0:00 
Rasmus Ristolainen       0  0  0  -2  2   2  1  2  0  0  0/0    26:03   2:18   6:42 
Richard Panik            0  0  0  -1  10  2  6  2  0  0  0/1    21:33   2:15   4:26 
Vladislav Kamenev        0  0  0  -1  0   1  1  0  0  0  0/0     8:53   0:00   0:00 
Zach Hyman               0  0  0  -1  0   0  1  0  0  0  13/24  16:04   1:59   0:00 

3 Stars

1 - Andrei Vasilevskiy (MIN)
2 - Nikita Kucherov (MIN)
3 - Phil Kessel (MIN)

Power Play

MINNESOTA - 0 on 9 Attempt(s) - 0.00%
NASHVILLE - 0 on 4 Attempt(s) - 0.00%

Penalty Kill

MINNESOTA - 4 on 4 Attempt(s) - 100.00% - Score 0 goal in Penalty Kill
NASHVILLE - 9 on 9 Attempt(s) - 100.00% - Score 1 goal in Penalty Kill

Team Stat

MINNESOTA - Hits : 24 - Faceoff Wins : 44 - Blocked Shots : 8 - Penalty Minutes : 8
NASHVILLE - Hits : 21 - Faceoff Wins : 53 - Blocked Shots : 11 - Penalty Minutes : 18

Official

Referees : Unknown
Linesman : Unknown

Game Notes

No Game Note

Finance

Level 1 -- Attendance: 4202 (70.03%) -- Ticket Income $420,200
Level 2 -- Attendance: 3635 (72.70%) -- Ticket Income $218,100
Level 3 -- Attendance: 1743 (87.15%) -- Ticket Income $61,005
Level 4 -- Attendance: 2640 (66.00%) -- Ticket Income $66,000
Luxury Box -- Attendance: 717 (71.70%) -- Ticket Income $143,400
Game was played at the Bridgestone Arena.
Total Attendance: 12937 (71.87%)
Total Ticket Income: $908,705
Total Income: $908,705

MINNESOTA

5 vs 5 Forward 
   Center                   Left Wing                Right Wing               Time % Phy DF OF 
 1 Anze Kopitar             Phil Kessel              Nikita Kucherov          35     1   2  2  
 2 Jeff Carter              Artemi Panarin           Wayne Simmonds           30     1   2  2  
 3 Teuvo Teravainen         Jakub Voracek            Joel Ward                25     1   2  2  
 4 Steve Ott                Johan Larsson            Mason Raymond            10     1   2  2  

5 vs 5 Defense 
   Defense                  Defense                                           Time % Phy DF OF 
 1 Erik Karlsson            Oliver Ekman-Larsson                              35     1   2  2  
 2 Niklas Hjalmarsson       Francois Beauchemin                               30     1   2  2  
 3 Michal Rozsival          Kevin Connauton                                   25     1   2  2  
 4 Erik Karlsson            Oliver Ekman-Larsson                              10     1   2  2  

PowerPlay Forward 
   Center                   Left Wing                Right Wing               Time % Phy DF OF 
 1 Anze Kopitar             Phil Kessel              Nikita Kucherov          60     1   2  2  
 2 Jeff Carter              Artemi Panarin           Wayne Simmonds           40     1   2  2  

PowerPlay Defense
   Defense                  Defense                                           Time % Phy DF OF 
 1 Erik Karlsson            Oliver Ekman-Larsson                              60     1   2  2  
 2 Niklas Hjalmarsson       Francois Beauchemin                               40     1   2  2  

Penalty Kill 4 Players Forward 
   Center                   Wing                     Time % Phy DF OF 
 1 Anze Kopitar             Nikita Kucherov          60     1   2  2  
 2 Jeff Carter              Phil Kessel              40     1   2  2  

Penalty Kill 4 Players Defense
   Defense                  Defense                  Time % Phy DF OF 
 1 Erik Karlsson            Oliver Ekman-Larsson     60     1   2  2  
 2 Niklas Hjalmarsson       Francois Beauchemin      40     1   2  2  

Penalty Kill - 3 Players Forward 
   Forward                                           Time % Phy DF OF 
 1 Anze Kopitar                                      60     1   2  2  
 2 Nikita Kucherov                                   40     1   2  2  

Penalty Kill - 3 Players Defense
   Defense                  Defense                  Time % Phy DF OF 
 1 Erik Karlsson            Oliver Ekman-Larsson     60     1   2  2  
 2 Niklas Hjalmarsson       Francois Beauchemin      40     1   2  2  

4 vs 4 Forward 
   Center                   Wing                     Time % Phy DF OF 
 1 Anze Kopitar             Nikita Kucherov          60     1   2  2  
 2 Jeff Carter              Phil Kessel              40     1   2  2  

4 vs 4 Defense
   Defense                  Defense                  Time % Phy DF OF 
 1 Erik Karlsson            Oliver Ekman-Larsson     60     1   2  2  
 2 Niklas Hjalmarsson       Francois Beauchemin      40     1   2  2  

Last Minutes Offensive
   Center                   Left Wing                Right Wing               Defense                  Defense                  
   Anze Kopitar             Phil Kessel              Nikita Kucherov          Erik Karlsson            Oliver Ekman-Larsson     

Last Minutes Defensive
   Center                   Left Wing                Right Wing               Defense                  Defense                  
   Anze Kopitar             Phil Kessel              Nikita Kucherov          Erik Karlsson            Oliver Ekman-Larsson     

Goaltenders
Starting : Andrei Vasilevskiy       
Backup : Cal Heeter               

Extra Forwards
Normal : Johan Larsson, Jakub Voracek, Joel Ward - PP : Johan Larsson, Jakub Voracek - PK : Joel Ward
Extra Defensemen
Normal : Michal Rozsival, Kevin Connauton, Niklas Hjalmarsson - PP : Michal Rozsival - PK : Kevin Connauton, Niklas Hjalmarsson
Penalty Shots
Anze Kopitar, Nikita Kucherov, Jeff Carter, Phil Kessel, Artemi Panarin

NASHVILLE

5 vs 5 Forward 
   Center                   Left Wing                Right Wing               Time % Phy DF OF 
 1 Nick Bonino              Lars Eller               Richard Panik            35     1   2  2  
 2 Zach Hyman               Jimmy Vesey              Dwight King              30     1   2  2  
 3 Oscar Lindberg           Vladislav Kamenev        Nick Bonino              25     1   2  2  
 4 Peter Holland            Hunter Shinkaruk         Richard Panik            10     1   2  2  

5 vs 5 Defense 
   Defense                  Defense                                           Time % Phy DF OF 
 1 Rasmus Ristolainen       Morgan Rielly                                     35     1   2  2  
 2 Danny DeKeyser           Kevin Bieksa                                      30     1   2  2  
 3 Niklas Kronwall          Braydon Coburn                                    25     1   2  2  
 4 Brenden Dillon           Rasmus Ristolainen                                10     1   2  2  

PowerPlay Forward 
   Center                   Left Wing                Right Wing               Time % Phy DF OF 
 1 Nick Bonino              Lars Eller               Richard Panik            60     1   2  2  
 2 Zach Hyman               Jimmy Vesey              Dwight King              40     1   2  2  

PowerPlay Defense
   Defense                  Defense                                           Time % Phy DF OF 
 1 Rasmus Ristolainen       Morgan Rielly                                     60     1   2  2  
 2 Danny DeKeyser           Kevin Bieksa                                      40     1   2  2  

Penalty Kill 4 Players Forward 
   Center                   Wing                     Time % Phy DF OF 
 1 Nick Bonino              Richard Panik            60     1   2  2  
 2 Lars Eller               Jimmy Vesey              40     1   2  2  

Penalty Kill 4 Players Defense
   Defense                  Defense                  Time % Phy DF OF 
 1 Rasmus Ristolainen       Morgan Rielly            60     1   2  2  
 2 Danny DeKeyser           Kevin Bieksa             40     1   2  2  

Penalty Kill - 3 Players Forward 
   Forward                                           Time % Phy DF OF 
 1 Nick Bonino                                       60     1   2  2  
 2 Richard Panik                                     40     1   2  2  

Penalty Kill - 3 Players Defense
   Defense                  Defense                  Time % Phy DF OF 
 1 Rasmus Ristolainen       Morgan Rielly            60     1   2  2  
 2 Danny DeKeyser           Kevin Bieksa             40     1   2  2  

4 vs 4 Forward 
   Center                   Wing                     Time % Phy DF OF 
 1 Nick Bonino              Richard Panik            60     1   2  2  
 2 Lars Eller               Jimmy Vesey              40     1   2  2  

4 vs 4 Defense
   Defense                  Defense                  Time % Phy DF OF 
 1 Rasmus Ristolainen       Morgan Rielly            60     1   2  2  
 2 Danny DeKeyser           Kevin Bieksa             40     1   2  2  

Last Minutes Offensive
   Center                   Left Wing                Right Wing               Defense                  Defense                  
   Nick Bonino              Lars Eller               Richard Panik            Rasmus Ristolainen       Morgan Rielly            

Last Minutes Defensive
   Center                   Left Wing                Right Wing               Defense                  Defense                  
   Nick Bonino              Lars Eller               Richard Panik            Rasmus Ristolainen       Morgan Rielly            

Goaltenders
Starting : Mike Smith               
Backup : Petr Mrazek              

Extra Forwards
Normal : Clarke MacArthur, Nick Bonino, Oscar Lindberg - PP : Clarke MacArthur, Richard Panik - PK : Oscar Lindberg
Extra Defensemen
Normal : Niklas Kronwall, Braydon Coburn, Brenden Dillon - PP : Niklas Kronwall - PK : Braydon Coburn, Brenden Dillon
Penalty Shots
Nick Bonino, Richard Panik, Lars Eller, Jimmy Vesey, Zach Hyman

% Time on Ice - MINNESOTA

Lines # - Real PCT - Wanted PCT - Time Play
Normal Forward
1 - 35% - 35% - 13:10
2 - 30% - 30% - 11:11
3 - 22% - 25% - 8:29
4 - 13% - 10% - 5:04
Normal Defense
1 - 36% - 35% - 13:40
2 - 32% - 30% - 12:02
3 - 30% - 25% - 11:28
4 - 2% - 10% - 0:44
PP Forward
1 - 53% - 60% - 8:30
2 - 47% - 40% - 7:26
PP Defense
1 - 51% - 60% - 8:04
2 - 49% - 40% - 7:52
PK Forward
1 - 83% - 60% - 3:31
2 - 17% - 40% - 0:44
PK Defense
1 - 61% - 60% - 2:35
2 - 39% - 40% - 1:40
PK3 Forward
1 - 0% - 60%
2 - 0% - 40%
PK3 Defense
1 - 0% - 60%
2 - 0% - 40%
44 Forward
1 - 51% - 60% - 0:59
2 - 49% - 40% - 0:56
44 Defense
1 - 51% - 60% - 0:59
2 - 49% - 40% - 0:56
Last Minute Offensive  - 0:00
Last Minute Defensive  - 0:00
Total
Forward - 60:00
Defense - 60:00

% Time on Ice - NASHVILLE

Lines # - Real PCT - Wanted PCT - Time Play
Normal Forward
1 - 19% - 35% - 7:03
2 - 36% - 30% - 13:30
3 - 23% - 25% - 8:53
4 - 22% - 10% - 8:28
Normal Defense
1 - 36% - 35% - 13:41
2 - 28% - 30% - 10:39
3 - 29% - 25% - 10:59
4 - 7% - 10% - 2:35
PP Forward
1 - 53% - 60% - 2:16
2 - 47% - 40% - 1:59
PP Defense
1 - 54% - 60% - 2:18
2 - 46% - 40% - 1:57
PK Forward
1 - 66% - 60% - 10:28
2 - 34% - 40% - 5:28
PK Defense
1 - 48% - 60% - 7:36
2 - 52% - 40% - 8:20
PK3 Forward
1 - 0% - 60%
2 - 0% - 40%
PK3 Defense
1 - 0% - 60%
2 - 0% - 40%
44 Forward
1 - 98% - 60% - 1:53
2 - 2% - 40% - 0:02
44 Defense
1 - 42% - 60% - 0:48
2 - 58% - 40% - 1:07
Last Minute Offensive  - 0:00
Last Minute Defensive  - 0:00
Total
Forward - 60:00
Defense - 60:00

Play by Play

1st period


0:01 of 1st period - Anze Kopitar wins face-off versus Nick Bonino in neutral zone.
0:41 of 1st period - Minor Penalty to Richard Panik for Roughing.
0:42 of 1st period - Nick Bonino wins face-off versus Jeff Carter in NASHVILLE zone.
0:57 of 1st period - Shot by Niklas Hjalmarsson.
0:57 of 1st period - Stopped by Mike Smith without a rebound.
0:58 of 1st period - Jeff Carter wins face-off versus Nick Bonino in NASHVILLE zone.
1:09 of 1st period - Shot by Artemi Panarin.
1:09 of 1st period - Deflect By Jeff Carter.
1:09 of 1st period - Stopped by Mike Smith without a rebound.
1:10 of 1st period - Lars Eller wins face-off versus Anze Kopitar in NASHVILLE zone.
2:06 of 1st period - Oliver Ekman-Larsson is hit by Kevin Bieksa and loses puck.
2:47 of 1st period - Shot by Joel Ward.
2:47 of 1st period - Deflect By Jakub Voracek.
2:47 of 1st period - Stopped by Mike Smith without a rebound.
2:48 of 1st period - Teuvo Teravainen wins face-off versus Zach Hyman in NASHVILLE zone.
3:07 of 1st period - Shot by Teuvo Teravainen.
3:07 of 1st period - Shot Misses the Net.
3:09 of 1st period - Shot by Joel Ward.
3:09 of 1st period - Shot Blocked by Braydon Coburn.
3:17 of 1st period - Shot by Joel Ward.
3:17 of 1st period - Stopped by Mike Smith without a rebound.
3:18 of 1st period - Jeff Carter wins face-off versus Peter Holland in NASHVILLE zone.
3:43 of 1st period - Shot by Wayne Simmonds.
3:43 of 1st period - Shot Misses the Net.
4:56 of 1st period - Niklas Hjalmarsson is hit by Vladislav Kamenev and loses puck.
5:04 of 1st period - Shot by Oscar Lindberg.
5:04 of 1st period - Stopped by Andrei Vasilevskiy with a rebound.
5:08 of 1st period - Shot by Nick Bonino.
5:08 of 1st period - Shot Misses the Net.
5:10 of 1st period - Shot by Braydon Coburn.
5:10 of 1st period - Shot Misses the Net.
5:12 of 1st period - Shot by Niklas Kronwall.
5:12 of 1st period - Stopped by Andrei Vasilevskiy with a rebound.
5:14 of 1st period - Shot by Nick Bonino.
5:14 of 1st period - Stopped by Andrei Vasilevskiy without a rebound.
5:15 of 1st period - Anze Kopitar wins face-off versus Nick Bonino in MINNESOTA zone.
5:15 of 1st period - Erik Karlsson is hit by Richard Panik and loses puck.
5:20 of 1st period - Shot by Lars Eller.
5:20 of 1st period - Stopped by Andrei Vasilevskiy without a rebound.
5:21 of 1st period - Peter Holland wins face-off versus Anze Kopitar in MINNESOTA zone.
5:52 of 1st period - Shot by Richard Panik.
5:52 of 1st period - Stopped by Andrei Vasilevskiy with a rebound.
5:58 of 1st period - Shot by Richard Panik.
5:58 of 1st period - Shot Misses the Net.
6:08 of 1st period - Shot by Nikita Kucherov.
6:08 of 1st period - Goal by Nikita Kucherov - MINNESOTA : 1 - NASHVILLE : 0.
6:09 of 1st period - Nick Bonino wins face-off versus Teuvo Teravainen in neutral zone.
6:17 of 1st period - Shot by Nick Bonino.
6:17 of 1st period - Stopped by Andrei Vasilevskiy without a rebound.
6:18 of 1st period - Teuvo Teravainen wins face-off versus Zach Hyman in MINNESOTA zone.
8:21 of 1st period - Minor Penalty to Richard Panik for High sticking.
8:22 of 1st period - Jeff Carter wins face-off versus Nick Bonino in NASHVILLE zone.
8:27 of 1st period - Shot by Niklas Hjalmarsson.
8:27 of 1st period - Shot Misses the Net.
8:33 of 1st period - Shot by Artemi Panarin.
8:33 of 1st period - Shot Misses the Net.
8:35 of 1st period - Shot by Jeff Carter.
8:35 of 1st period - Shot Misses the Net.
8:37 of 1st period - Shot by Francois Beauchemin.
8:37 of 1st period - Shot Misses the Net.
8:45 of 1st period - Shot by Artemi Panarin.
8:45 of 1st period - Shot Misses the Net.
8:47 of 1st period - Shot by Francois Beauchemin.
8:47 of 1st period - Shot Blocked by Kevin Bieksa.
8:49 of 1st period - Shot by Jeff Carter.
8:49 of 1st period - Shot Misses the Net.
8:51 of 1st period - Shot by Wayne Simmonds.
8:51 of 1st period - Stopped by Mike Smith without a rebound.
8:52 of 1st period - Lars Eller wins face-off versus Jeff Carter in NASHVILLE zone.
9:05 of 1st period - Shot by Niklas Hjalmarsson.
9:05 of 1st period - Stopped by Mike Smith without a rebound.
9:06 of 1st period - Anze Kopitar wins face-off versus Lars Eller in NASHVILLE zone.
9:25 of 1st period - Shot by Erik Karlsson.
9:25 of 1st period - Stopped by Mike Smith with a rebound.
9:27 of 1st period - Shot by Nikita Kucherov.
9:27 of 1st period - Shot Blocked by Morgan Rielly.
9:29 of 1st period - Shot by Phil Kessel.
9:29 of 1st period - Shot Misses the Net.
9:31 of 1st period - Shot by Oliver Ekman-Larsson.
9:31 of 1st period - Shot Misses the Net.
9:33 of 1st period - Shot by Phil Kessel.
9:33 of 1st period - Stopped by Mike Smith without a rebound.
9:34 of 1st period - Lars Eller wins face-off versus Jeff Carter in NASHVILLE zone.
9:51 of 1st period - Icing by Niklas Hjalmarsson.
9:52 of 1st period - Nick Bonino wins face-off versus Jeff Carter in MINNESOTA zone.
10:03 of 1st period - Shot by Nick Bonino.
10:03 of 1st period - Stopped by Andrei Vasilevskiy without a rebound.
10:04 of 1st period - Lars Eller wins face-off versus Phil Kessel in MINNESOTA zone.
10:11 of 1st period - Shot by Jimmy Vesey.
10:11 of 1st period - Shot Blocked by Anze Kopitar.
10:13 of 1st period - Shot by Danny DeKeyser.
10:13 of 1st period - Goal by Danny DeKeyser - MINNESOTA : 1 - NASHVILLE : 1.
10:14 of 1st period - Anze Kopitar wins face-off versus Nick Bonino in neutral zone.
10:25 of 1st period - Icing by Niklas Hjalmarsson.
10:26 of 1st period - Zach Hyman wins face-off versus Jeff Carter in MINNESOTA zone.
10:26 of 1st period - Zach Hyman is hit by Francois Beauchemin.
10:54 of 1st period - Shot by Wayne Simmonds.
10:54 of 1st period - Shot Misses the Net.
10:56 of 1st period - Shot by Wayne Simmonds.
10:56 of 1st period - Stopped by Mike Smith without a rebound.
10:57 of 1st period - Nick Bonino wins face-off versus Teuvo Teravainen in NASHVILLE zone.
11:07 of 1st period - Minor Penalty to Richard Panik for Hooking.
11:08 of 1st period - Anze Kopitar wins face-off versus Nick Bonino in NASHVILLE zone.
11:09 of 1st period - Shot by Oliver Ekman-Larsson.
11:09 of 1st period - Shot Blocked by Rasmus Ristolainen.
11:11 of 1st period - Shot by Erik Karlsson.
11:11 of 1st period - Shot Misses the Net.
11:13 of 1st period - Shot by Phil Kessel.
11:13 of 1st period - Shot Hit the Post.
11:15 of 1st period - Shot by Erik Karlsson.
11:15 of 1st period - Stopped by Mike Smith without a rebound.
11:16 of 1st period - Nick Bonino wins face-off versus Anze Kopitar in NASHVILLE zone.
13:07 of 1st period - Shot by Anze Kopitar.
13:07 of 1st period - Shot Misses the Net.
13:08 of 1st period - Minor Penalty to Braydon Coburn for Holding.
13:09 of 1st period - Nick Bonino wins face-off versus Anze Kopitar in NASHVILLE zone.
13:09 of 1st period - Nick Bonino is hit by Phil Kessel.
13:18 of 1st period - Off-side.
13:19 of 1st period - Anze Kopitar wins face-off versus Richard Panik in neutral zone.
13:27 of 1st period - Shot by Nikita Kucherov.
13:27 of 1st period - Shot Blocked by Richard Panik.
13:29 of 1st period - Shot by Erik Karlsson.
13:29 of 1st period - Stopped by Mike Smith without a rebound.
13:30 of 1st period - Jeff Carter wins face-off versus Lars Eller in NASHVILLE zone.
14:25 of 1st period - Shot by Oliver Ekman-Larsson.
14:25 of 1st period - Shot Misses the Net.
14:27 of 1st period - Shot by Erik Karlsson.
14:27 of 1st period - Stopped by Mike Smith without a rebound.
14:28 of 1st period - Nick Bonino wins face-off versus Anze Kopitar in NASHVILLE zone.
14:59 of 1st period - Shot by Oliver Ekman-Larsson.
14:59 of 1st period - Shot Blocked by Kevin Bieksa.
15:01 of 1st period - Shot by Erik Karlsson.
15:01 of 1st period - Stopped by Mike Smith with a rebound.
15:03 of 1st period - Shot by Oliver Ekman-Larsson.
15:03 of 1st period - Stopped by Mike Smith with a rebound.
15:05 of 1st period - Shot by Erik Karlsson.
15:05 of 1st period - Shot Misses the Net.
15:16 of 1st period - Minor Penalty to Michal Rozsival for Interference.
15:17 of 1st period - Zach Hyman wins face-off versus Anze Kopitar in MINNESOTA zone.
15:18 of 1st period - Shot by Morgan Rielly.
15:18 of 1st period - Stopped by Andrei Vasilevskiy without a rebound.
15:19 of 1st period - Anze Kopitar wins face-off versus Nick Bonino in MINNESOTA zone.
15:19 of 1st period - Anze Kopitar is hit by Richard Panik.
15:20 of 1st period - Minor Penalty to Richard Panik for High sticking.
15:21 of 1st period - Nick Bonino wins face-off versus Anze Kopitar in NASHVILLE zone.
16:09 of 1st period - Icing by Erik Karlsson.
16:10 of 1st period - Anze Kopitar wins face-off versus Nick Bonino in MINNESOTA zone.
16:10 of 1st period - Anze Kopitar is hit by Oscar Lindberg.
16:19 of 1st period - Off-side.
16:20 of 1st period - Jeff Carter wins face-off versus Nick Bonino in neutral zone.
17:13 of 1st period - Icing by Francois Beauchemin.
17:14 of 1st period - Jeff Carter wins face-off versus Lars Eller in MINNESOTA zone.
17:27 of 1st period - Shot by Jakub Voracek.
17:27 of 1st period - Stopped by Mike Smith without a rebound.
17:28 of 1st period - Zach Hyman wins face-off versus Teuvo Teravainen in NASHVILLE zone.
17:40 of 1st period - Shot by Jakub Voracek.
17:40 of 1st period - Stopped by Mike Smith without a rebound.
17:41 of 1st period - Peter Holland wins face-off versus Steve Ott in NASHVILLE zone.
17:51 of 1st period - Hunter Shinkaruk is hit by Michal Rozsival and loses puck.
18:03 of 1st period - Steve Ott is hit by Braydon Coburn and loses puck.
18:47 of 1st period - Shot by Jimmy Vesey.
18:47 of 1st period - Shot Misses the Net.
18:49 of 1st period - Shot by Danny DeKeyser.
18:49 of 1st period - Shot Misses the Net.
18:51 of 1st period - Shot by Danny DeKeyser.
18:51 of 1st period - Shot Misses the Net.
19:26 of 1st period - Icing by Kevin Connauton.
19:27 of 1st period - Steve Ott wins face-off versus Oscar Lindberg in MINNESOTA zone.
19:42 of 1st period - Shot by Phil Kessel.
19:42 of 1st period - Shot Blocked by Morgan Rielly.
19:44 of 1st period - Shot by Phil Kessel.
19:44 of 1st period - Goal by Phil Kessel - MINNESOTA : 2 - NASHVILLE : 1.
19:45 of 1st period - Anze Kopitar wins face-off versus Nick Bonino in neutral zone.
19:52 of 1st period - Nick Bonino is hit by Nikita Kucherov and loses puck.
19:59 of 1st period - Shot by Phil Kessel.
19:59 of 1st period - Shot Misses the Net.
Goals for this period are 2 for MINNESOTA vs 1 for NASHVILLE.
Shots for this period are 18 for MINNESOTA vs 9 for NASHVILLE.

2nd period


0:01 of 2nd period - Nick Bonino wins face-off versus Anze Kopitar in neutral zone.
0:12 of 2nd period - Icing by Oliver Ekman-Larsson.
0:13 of 2nd period - Zach Hyman wins face-off versus Phil Kessel in MINNESOTA zone.
0:18 of 2nd period - Shot by Jimmy Vesey.
0:18 of 2nd period - Stopped by Andrei Vasilevskiy without a rebound.
0:19 of 2nd period - Nick Bonino wins face-off versus Anze Kopitar in MINNESOTA zone.
0:56 of 2nd period - Niklas Hjalmarsson is hit by Lars Eller and loses puck.
1:42 of 2nd period - Shot by Artemi Panarin.
1:42 of 2nd period - Stopped by Mike Smith without a rebound.
1:43 of 2nd period - Teuvo Teravainen wins face-off versus Zach Hyman in NASHVILLE zone.
1:43 of 2nd period - Teuvo Teravainen is hit by Kevin Bieksa.
1:49 of 2nd period - Shot by Jakub Voracek.
1:49 of 2nd period - Goal by Jakub Voracek - MINNESOTA : 3 - NASHVILLE : 1.
1:50 of 2nd period - Zach Hyman wins face-off versus Teuvo Teravainen in neutral zone.
1:57 of 2nd period - Shot by Jimmy Vesey.
1:57 of 2nd period - Stopped by Andrei Vasilevskiy without a rebound.
1:58 of 2nd period - Zach Hyman wins face-off versus Jeff Carter in MINNESOTA zone.
2:03 of 2nd period - Shot by Kevin Bieksa.
2:03 of 2nd period - Shot Misses the Net.
2:14 of 2nd period - Icing by Artemi Panarin.
2:15 of 2nd period - Jeff Carter wins face-off versus Zach Hyman in MINNESOTA zone.
2:26 of 2nd period - Shot by Wayne Simmonds.
2:26 of 2nd period - Stopped by Mike Smith without a rebound.
2:27 of 2nd period - Oscar Lindberg wins face-off versus Anze Kopitar in NASHVILLE zone.
2:27 of 2nd period - Kevin Bieksa is hit by Anze Kopitar and loses puck.
2:35 of 2nd period - Off-side.
2:36 of 2nd period - Anze Kopitar wins face-off versus Zach Hyman in neutral zone.
2:38 of 2nd period - Off-side.
2:39 of 2nd period - Anze Kopitar wins face-off versus Nick Bonino in neutral zone.
2:48 of 2nd period - Danny DeKeyser is hit by Francois Beauchemin and loses puck.
2:51 of 2nd period - Shot by Kevin Bieksa.
2:51 of 2nd period - Stopped by Andrei Vasilevskiy without a rebound.
2:52 of 2nd period - Jeff Carter wins face-off versus Zach Hyman in MINNESOTA zone.
3:05 of 2nd period - Shot by Jeff Carter.
3:05 of 2nd period - Shot Misses the Net.
3:30 of 2nd period - Minor Penalty to Rasmus Ristolainen for Hooking.
3:31 of 2nd period - Anze Kopitar wins face-off versus Nick Bonino in NASHVILLE zone.
3:31 of 2nd period - Anze Kopitar is hit by Kevin Bieksa.
3:55 of 2nd period - Icing by Francois Beauchemin.
3:56 of 2nd period - Nikita Kucherov wins face-off versus Nick Bonino in MINNESOTA zone.
3:56 of 2nd period - Anze Kopitar is hit by Richard Panik and loses puck.
4:02 of 2nd period - Icing by Niklas Hjalmarsson.
4:03 of 2nd period - Anze Kopitar wins face-off versus Nick Bonino in MINNESOTA zone.
5:02 of 2nd period - Shot by Oliver Ekman-Larsson.
5:02 of 2nd period - Shot Misses the Net.
5:04 of 2nd period - Shot by Erik Karlsson.
5:04 of 2nd period - Stopped by Mike Smith without a rebound.
5:05 of 2nd period - Lars Eller wins face-off versus Jeff Carter in NASHVILLE zone.
5:05 of 2nd period - Lars Eller is hit by Wayne Simmonds.
6:05 of 2nd period - Shot by Oscar Lindberg.
6:05 of 2nd period - Stopped by Andrei Vasilevskiy without a rebound.
6:06 of 2nd period - Anze Kopitar wins face-off versus Peter Holland in MINNESOTA zone.
6:08 of 2nd period - Francois Beauchemin is hit by Richard Panik and loses puck.
7:24 of 2nd period - Shot by Artemi Panarin.
7:24 of 2nd period - Stopped by Mike Smith with a rebound.
7:30 of 2nd period - Shot by Artemi Panarin.
7:30 of 2nd period - Stopped by Mike Smith without a rebound.
7:31 of 2nd period - Teuvo Teravainen wins face-off versus Oscar Lindberg in NASHVILLE zone.
7:48 of 2nd period - Shot by Vladislav Kamenev.
7:48 of 2nd period - Stopped by Andrei Vasilevskiy without a rebound.
7:49 of 2nd period - Nick Bonino wins face-off versus Jeff Carter in MINNESOTA zone.
8:06 of 2nd period - Shot by Jeff Carter.
8:06 of 2nd period - Shot Misses the Net.
8:19 of 2nd period - Erik Karlsson is hit by Niklas Kronwall and loses puck.
9:17 of 2nd period - Shot by Phil Kessel.
9:17 of 2nd period - Stopped by Mike Smith without a rebound.
9:18 of 2nd period - Zach Hyman wins face-off versus Teuvo Teravainen in NASHVILLE zone.
9:18 of 2nd period - Zach Hyman is hit by Jakub Voracek.
9:50 of 2nd period - Shot by Teuvo Teravainen.
9:50 of 2nd period - Stopped by Mike Smith without a rebound.
9:51 of 2nd period - Anze Kopitar wins face-off versus Oscar Lindberg in NASHVILLE zone.
9:56 of 2nd period - Shot by Phil Kessel.
9:56 of 2nd period - Shot Misses the Net.
10:10 of 2nd period - Shot by Morgan Rielly.
10:10 of 2nd period - Stopped by Andrei Vasilevskiy without a rebound.
10:11 of 2nd period - Peter Holland wins face-off versus Jeff Carter in MINNESOTA zone.
10:13 of 2nd period - Minor Penalty to Richard Panik for High sticking.
10:14 of 2nd period - Anze Kopitar wins face-off versus Nick Bonino in NASHVILLE zone.
12:11 of 2nd period - Shot by Phil Kessel.
12:11 of 2nd period - Shot Blocked by Rasmus Ristolainen.
12:13 of 2nd period - Shot by Anze Kopitar.
12:13 of 2nd period - Stopped by Mike Smith with a rebound.
12:41 of 2nd period - Shot by Jimmy Vesey.
12:41 of 2nd period - Shot Blocked by Kevin Connauton.
13:12 of 2nd period - Icing by Kevin Connauton.
13:13 of 2nd period - Teuvo Teravainen wins face-off versus Nick Bonino in MINNESOTA zone.
13:54 of 2nd period - Shot by Phil Kessel.
13:54 of 2nd period - Stopped by Mike Smith without a rebound.
13:55 of 2nd period - Jeff Carter wins face-off versus Zach Hyman in NASHVILLE zone.
14:10 of 2nd period - Shot by Wayne Simmonds.
14:10 of 2nd period - Stopped by Mike Smith without a rebound.
14:11 of 2nd period - Oscar Lindberg wins face-off versus Steve Ott in NASHVILLE zone.
14:11 of 2nd period - Oscar Lindberg is hit by Steve Ott.
15:10 of 2nd period - Erik Karlsson is hit by Dwight King and loses puck.
15:26 of 2nd period - Off-side.
15:27 of 2nd period - Peter Holland wins face-off versus Phil Kessel in neutral zone.
15:46 of 2nd period - Shot by Anze Kopitar.
15:46 of 2nd period - Stopped by Mike Smith without a rebound.
15:47 of 2nd period - Oscar Lindberg wins face-off versus Jeff Carter in NASHVILLE zone.
16:24 of 2nd period - Shot by Artemi Panarin.
16:24 of 2nd period - Shot Misses the Net.
16:26 of 2nd period - Shot by Kevin Connauton.
16:26 of 2nd period - Stopped by Mike Smith with a rebound.
16:28 of 2nd period - Shot by Wayne Simmonds.
16:28 of 2nd period - Stopped by Mike Smith without a rebound.
16:29 of 2nd period - Zach Hyman wins face-off versus Nikita Kucherov in NASHVILLE zone.
16:29 of 2nd period - Zach Hyman is hit by Nikita Kucherov.
16:37 of 2nd period - Anze Kopitar is hit by Rasmus Ristolainen and loses puck.
16:49 of 2nd period - Morgan Rielly is hit by Niklas Hjalmarsson and loses puck.
16:59 of 2nd period - Icing by Niklas Hjalmarsson.
17:00 of 2nd period - Anze Kopitar wins face-off versus Peter Holland in MINNESOTA zone.
17:22 of 2nd period - Shot by Nikita Kucherov.
17:22 of 2nd period - Stopped by Mike Smith without a rebound.
17:23 of 2nd period - Oscar Lindberg wins face-off versus Jeff Carter in NASHVILLE zone.
17:23 of 2nd period - Oscar Lindberg is hit by Wayne Simmonds.
17:32 of 2nd period - Off-side.
17:33 of 2nd period - Teuvo Teravainen wins face-off versus Zach Hyman in neutral zone.
17:36 of 2nd period - Shot by Erik Karlsson.
17:36 of 2nd period - Stopped by Mike Smith without a rebound.
17:37 of 2nd period - Nick Bonino wins face-off versus Jeff Carter in NASHVILLE zone.
17:44 of 2nd period - Shot by Richard Panik.
17:44 of 2nd period - Stopped by Andrei Vasilevskiy without a rebound.
17:45 of 2nd period - Nick Bonino wins face-off versus Anze Kopitar in MINNESOTA zone.
17:45 of 2nd period - Rasmus Ristolainen is hit by Niklas Hjalmarsson and loses puck.
17:46 of 2nd period - Minor Penalty to Niklas Hjalmarsson for Charging.
17:47 of 2nd period - Nick Bonino wins face-off versus Anze Kopitar in MINNESOTA zone.
17:48 of 2nd period - Shot by Rasmus Ristolainen.
17:48 of 2nd period - Stopped by Andrei Vasilevskiy without a rebound.
17:49 of 2nd period - Anze Kopitar wins face-off versus Lars Eller in MINNESOTA zone.
18:30 of 2nd period - Shot by Morgan Rielly.
18:30 of 2nd period - Stopped by Andrei Vasilevskiy without a rebound.
18:31 of 2nd period - Zach Hyman wins face-off versus Anze Kopitar in MINNESOTA zone.
19:32 of 2nd period - Shot by Morgan Rielly.
19:32 of 2nd period - Shot Blocked by Erik Karlsson.
19:57 of 2nd period - Off-side.
19:58 of 2nd period - Peter Holland wins face-off versus Jeff Carter in neutral zone.
Goals for this period are 1 for MINNESOTA vs 0 for NASHVILLE.
Shots for this period are 16 for MINNESOTA vs 9 for NASHVILLE.

3rd period


0:01 of 3rd period - Nick Bonino wins face-off versus Anze Kopitar in neutral zone.
0:01 of 3rd period - Nick Bonino is hit by Anze Kopitar.
0:10 of 3rd period - Erik Karlsson is hit by Richard Panik and loses puck.
0:23 of 3rd period - Shot by Lars Eller.
0:23 of 3rd period - Stopped by Andrei Vasilevskiy without a rebound.
0:24 of 3rd period - Jeff Carter wins face-off versus Zach Hyman in MINNESOTA zone.
0:24 of 3rd period - Jeff Carter is hit by Zach Hyman.
0:59 of 3rd period - Shot by Artemi Panarin.
0:59 of 3rd period - Stopped by Mike Smith without a rebound.
1:00 of 3rd period - Nick Bonino wins face-off versus Anze Kopitar in NASHVILLE zone.
1:00 of 3rd period - Nick Bonino is hit by Phil Kessel.
1:18 of 3rd period - Shot by Phil Kessel.
1:18 of 3rd period - Stopped by Mike Smith without a rebound.
1:19 of 3rd period - Teuvo Teravainen wins face-off versus Oscar Lindberg in NASHVILLE zone.
1:21 of 3rd period - Jakub Voracek is hit by Braydon Coburn and loses puck.
1:36 of 3rd period - Icing by Niklas Kronwall.
1:37 of 3rd period - Oscar Lindberg wins face-off versus Anze Kopitar in NASHVILLE zone.
2:13 of 3rd period - Icing by Anze Kopitar.
2:14 of 3rd period - Anze Kopitar wins face-off versus Zach Hyman in MINNESOTA zone.
3:08 of 3rd period - Morgan Rielly is hit by Wayne Simmonds and loses puck.
3:12 of 3rd period - Rasmus Ristolainen is hit by Niklas Hjalmarsson and loses puck.
4:16 of 3rd period - Shot by Jakub Voracek.
4:16 of 3rd period - Shot Misses the Net.
4:18 of 3rd period - Shot by Kevin Connauton.
4:18 of 3rd period - Stopped by Mike Smith without a rebound.
4:19 of 3rd period - Oscar Lindberg wins face-off versus Steve Ott in NASHVILLE zone.
4:27 of 3rd period - Braydon Coburn is hit by Kevin Connauton.
4:35 of 3rd period - Shot by Nick Bonino.
4:35 of 3rd period - Shot Misses the Net.
4:41 of 3rd period - Shot by Nick Bonino.
4:41 of 3rd period - Shot Misses the Net.
4:47 of 3rd period - Nick Bonino is hit by Steve Ott.
6:12 of 3rd period - Minor Penalty to Kevin Bieksa for Roughing.
6:13 of 3rd period - Nick Bonino wins face-off versus Jeff Carter in NASHVILLE zone.
7:28 of 3rd period - Shot by Erik Karlsson.
7:28 of 3rd period - Shot Misses the Net.
7:32 of 3rd period - Shot by Anze Kopitar.
7:32 of 3rd period - Stopped by Mike Smith without a rebound.
7:33 of 3rd period - Nick Bonino wins face-off versus Anze Kopitar in NASHVILLE zone.
8:00 of 3rd period - Shot by Oliver Ekman-Larsson.
8:00 of 3rd period - Shot Blocked by Richard Panik.
8:28 of 3rd period - Shot by Brenden Dillon.
8:28 of 3rd period - Stopped by Andrei Vasilevskiy without a rebound.
8:29 of 3rd period - Oscar Lindberg wins face-off versus Wayne Simmonds in MINNESOTA zone.
8:30 of 3rd period - Shot by Braydon Coburn.
8:30 of 3rd period - Shot Misses the Net.
8:37 of 3rd period - Icing by Francois Beauchemin.
8:38 of 3rd period - Jeff Carter wins face-off versus Peter Holland in MINNESOTA zone.
9:38 of 3rd period - Shot by Anze Kopitar.
9:38 of 3rd period - Shot Misses the Net.
9:40 of 3rd period - Shot by Nikita Kucherov.
9:40 of 3rd period - Stopped by Mike Smith with a rebound.
10:31 of 3rd period - Shot by Jakub Voracek.
10:31 of 3rd period - Stopped by Mike Smith without a rebound.
10:32 of 3rd period - Mason Raymond wins face-off versus Oscar Lindberg in NASHVILLE zone.
10:58 of 3rd period - Shot by Oscar Lindberg.
10:58 of 3rd period - Shot Blocked by Oliver Ekman-Larsson.
11:00 of 3rd period - Shot by Kevin Bieksa.
11:00 of 3rd period - Stopped by Andrei Vasilevskiy without a rebound.
11:01 of 3rd period - Jimmy Vesey wins face-off versus Jeff Carter in MINNESOTA zone.
11:01 of 3rd period - Braydon Coburn is hit by Niklas Hjalmarsson and loses puck.
11:12 of 3rd period - Shot by Artemi Panarin.
11:12 of 3rd period - Shot Misses the Net.
11:30 of 3rd period - Shot by Jeff Carter.
11:30 of 3rd period - Stopped by Mike Smith with a rebound.
12:16 of 3rd period - Shot by Anze Kopitar.
12:16 of 3rd period - Shot Misses the Net.
12:56 of 3rd period - Jakub Voracek is hit by Clarke MacArthur and loses puck.
13:21 of 3rd period - Shot by Lars Eller.
13:21 of 3rd period - Shot Blocked by Teuvo Teravainen.
13:47 of 3rd period - Shot by Jeff Carter.
13:47 of 3rd period - Shot Blocked by Niklas Kronwall.
13:49 of 3rd period - Shot by Francois Beauchemin.
13:49 of 3rd period - Shot Blocked by Braydon Coburn.
14:09 of 3rd period - Shot by Artemi Panarin.
14:09 of 3rd period - Stopped by Mike Smith with a rebound.
14:11 of 3rd period - Shot by Artemi Panarin.
14:11 of 3rd period - Stopped by Mike Smith without a rebound.
14:12 of 3rd period - Oscar Lindberg wins face-off versus Anze Kopitar in NASHVILLE zone.
14:40 of 3rd period - Shot by Oscar Lindberg.
14:40 of 3rd period - Shot Misses the Net.
14:51 of 3rd period - Anze Kopitar is hit by Kevin Bieksa and loses puck.
14:55 of 3rd period - Minor Penalty to Kevin Bieksa for Hooking.
14:56 of 3rd period - Jeff Carter wins face-off versus Lars Eller in NASHVILLE zone.
15:36 of 3rd period - Shot by Wayne Simmonds.
15:36 of 3rd period - Stopped by Mike Smith without a rebound.
15:37 of 3rd period - Nick Bonino wins face-off versus Anze Kopitar in NASHVILLE zone.
15:59 of 3rd period - Icing by Anze Kopitar.
16:00 of 3rd period - Nick Bonino wins face-off versus Anze Kopitar in MINNESOTA zone.
16:11 of 3rd period - Shot by Morgan Rielly.
16:11 of 3rd period - Shot Blocked by Nikita Kucherov.
16:52 of 3rd period - Shot by Niklas Hjalmarsson.
16:52 of 3rd period - Shot Misses the Net.
16:54 of 3rd period - Shot by Francois Beauchemin.
16:54 of 3rd period - Stopped by Mike Smith without a rebound.
16:55 of 3rd period - Teuvo Teravainen wins face-off versus Zach Hyman in NASHVILLE zone.
16:58 of 3rd period - Shot by Teuvo Teravainen.
16:58 of 3rd period - Deflect By Jakub Voracek.
16:58 of 3rd period - Stopped by Mike Smith without a rebound.
16:59 of 3rd period - Zach Hyman wins face-off versus Teuvo Teravainen in NASHVILLE zone.
16:59 of 3rd period - Rasmus Ristolainen is hit by Joel Ward and loses puck.
17:14 of 3rd period - Icing by Zach Hyman.
17:15 of 3rd period - Zach Hyman wins face-off versus Jeff Carter in NASHVILLE zone.
17:15 of 3rd period - Zach Hyman is hit by Wayne Simmonds.
17:18 of 3rd period - Rasmus Ristolainen is hit by Wayne Simmonds and loses puck.
17:19 of 3rd period - Minor Penalty to Wayne Simmonds for Roughing.
17:20 of 3rd period - Anze Kopitar wins face-off versus Nick Bonino in MINNESOTA zone.
17:20 of 3rd period - Anze Kopitar is hit by Richard Panik.
17:27 of 3rd period - Icing by Richard Panik.
17:28 of 3rd period - Anze Kopitar wins face-off versus Nick Bonino in NASHVILLE zone.
17:43 of 3rd period - Shot by Rasmus Ristolainen.
17:43 of 3rd period - Shot Misses the Net.
17:45 of 3rd period - Shot by Morgan Rielly.
17:45 of 3rd period - Shot Misses the Net.
17:55 of 3rd period - Shot by Morgan Rielly.
17:55 of 3rd period - Shot Misses the Net.
17:57 of 3rd period - Shot by Nick Bonino.
17:57 of 3rd period - Shot Blocked by Oliver Ekman-Larsson.
18:07 of 3rd period - Shot by Rasmus Ristolainen.
18:07 of 3rd period - Stopped by Andrei Vasilevskiy without a rebound.
18:08 of 3rd period - Zach Hyman wins face-off versus Nikita Kucherov in MINNESOTA zone.
18:19 of 3rd period - Shot by Danny DeKeyser.
18:19 of 3rd period - Stopped by Andrei Vasilevskiy without a rebound.
18:20 of 3rd period - Zach Hyman wins face-off versus Anze Kopitar in MINNESOTA zone.
18:43 of 3rd period - Oliver Ekman-Larsson is hit by Dwight King and loses puck.
19:44 of 3rd period - Richard Panik is hit by Michal Rozsival and loses puck.
19:46 of 3rd period - Minor Penalty to Kevin Connauton for Hooking.
19:47 of 3rd period - Nick Bonino wins face-off versus Anze Kopitar in MINNESOTA zone.
19:58 of 3rd period - Shot by Morgan Rielly.
19:58 of 3rd period - Shot Blocked by Niklas Hjalmarsson.
Goals for this period are 0 for MINNESOTA vs 0 for NASHVILLE.
Shots for this period are 12 for MINNESOTA vs 5 for NASHVILLE.